 Dungeon Crawl Stone Soup version 0.30-a0-571-gdf30a72648 (webtiles) character file.

Game seed: 7940073875556032195

674 Newt the Chucker (level 7, -1/48 HPs)
             Began as a Demonspawn Gladiator on Dec 29, 2022.
             Was a Follower of Hepliaklqana.
             Slain by Pikel
             ... wielding a +2 whip of flaming
              (4 damage)
             ... on level 5 of the Dungeon.
             The game lasted 00:05:48 (5215 turns).

Newt the Chucker (Demonspawn Gladiator)             Turns: 5215, Time: 00:05:49

Health: -1/48      AC: 13    Str: 17    XL:     7   Next: 33%
Magic:  7/7        EV:  7    Int:  9    God:    Hepliaklqana [*.....]
Gold:   185        SH:  4    Dex: 14    Spells: 6/6 levels left

rFire   + . .      SeeInvis .    s - +0 war axe
rCold   . . .      Faith    .    (no shield)
rNeg    . . .      Spirit   .    y - +2 chain mail {rF+}
rPois   .          Reflect  .    c - +0 helmet
rElec   .          Harm     .    (no cloak)
rCorr   .          Rampage  .    (no gloves)
Will    .....                    (no boots) Stlth
                                 (no amulet)
HPRegen 0.28/turn                (no ring)
MPRegen 0.10/turn                (no ring)

@: no status effects
A: reduced essence, thin metallic scales 1, spiny 1, condensation shield,
weakness stinger 2
a: Renounce Religion, Recall Ancestor, Ancestor Identity


You were on level 5 of the Dungeon.
You worshipped Hepliaklqana.
Hepliaklqana was aware of your devotion.
You visited 1 branch of the dungeon, and saw 5 of its levels.

You collected 380 gold pieces.
You spent 195 gold pieces at shops.

Inventory:

Hand Weapons
 a - a +0 rapier
 s - a +0 war axe (weapon)
Missiles
 d - a throwing net (quivered)
 e - a javelin
Armour
 b - a +0 leather armour
 c - a +0 helmet (worn)
 q - a +1 scale mail
 t - a +0 pair of gloves
 x - a +1 leather armour of cold resistance
 y - a +2 chain mail of fire resistance (worn)
Wands
 p - a wand of roots (7)
Scrolls
 f - 2 scrolls of identify
 g - a scroll of noise
 i - a scroll of immolation
 k - 5 scrolls of teleportation
 v - a scroll of enchant armour
 w - 2 scrolls of fog
Potions
 h - 3 potions of heal wounds {unknown}
 j - a potion of might {unknown}
 l - 4 potions of brilliance {unknown}
 m - a potion of resistance {unknown}
 n - 3 potions of curing {unknown}
 o - a potion of haste {unknown}
 r - a potion of degeneration {unknown}
 u - a potion of attraction {unknown}


   Skills:
 - Level 4.0 Fighting
 - Level 2.6 Short Blades
 + Level 3.9 Axes
 - Level 5.0 Throwing
 - Level 2.6 Dodging
 - Level 2.0 Stealth


You had 6 spell levels left.
You didn't know any spells.
Your spell library contained the following spells:

 Spells                   Type           Power      Damage    Failure   Level
 Apportation              Tloc           0%         N/A       100%        1
 Scorch                   Fire           0%         2d5       100%        2
 Flame Wave               Conj/Fire      0%         2d4       100%        4
 Alistair's Intoxication  Tmut/Pois      0%         N/A       100%        5
 Summon Cactus Giant      Summ           0%         N/A       100%        6


Dungeon Overview and Level Annotations

Branches:
Dungeon (5/15)
 Temple: D:4-7

Altars:
Hepliaklqana
Uskayaw

Shops:
D:5 [

Annotations:
D:5 Pikel


Innate Abilities, Weirdness & Mutations

Your life essence is reduced to manifest your ancestor. (-10% HP)
You are partially covered in thin metallic scales. (AC +2)
You are partially covered in sharp spines.
A meltable shield of frost defends you. (SH +4)
You have a tail ending in a sharp stinger.


Message History

You kill Prince Ribbit!
Prince Ribbit returns to his original shape as he dies.
Your Axes skill increases to level 3!
You have reached level 7!
Tlaloc remembers more of their old skill.
Pikel, Merchant of Souls comes into view.
He is wielding a +2 whip of flaming and carrying a wand of mindburst (15).
Pikel is nearby!
You are too injured to fight recklessly!
You are too injured to fight recklessly!
Pikel shouts!
You hear a shout!
Tlaloc barely misses Pikel.
Pikel barely misses Tlaloc.
Tlaloc completely misses Pikel.
Pikel hits Tlaloc with a +2 whip of flaming!
Tlaloc hits Pikel but does no damage.
Tlaloc closely misses Pikel.
You see here 7 stones.
There is a stone staircase leading up here.
Aiming: Fastroot
Press: ? - help, Shift-Dir - straight line, f - Pikel
Aim: Pikel, wielding a +2 whip of flaming, wearing a +0 robe and carrying a wand of mindburst (15) (ally target)
The roots erupt in riotous growth!
Roots grab Pikel.
Tlaloc avoids your attack.
The grasping roots constrict Pikel.
You hear a shout!
A lemure comes into view.
Pikel struggles to escape constriction.
Tlaloc hits Pikel.
The grasping roots constrict Pikel!
The roots release their grip on Pikel.
A lemure comes into view.
Pikel zaps a wand.
Your mind is blasted!
* * * LOW HITPOINT WARNING * * *
Tlaloc closely misses Pikel.
You barely miss Pikel.
Your tail-slap misses Pikel.
Pikel is moderately wounded.
Pikel zaps a wand.
Your mind is blasted!
* * * LOW HITPOINT WARNING * * *
Tlaloc barely misses Pikel.
Pikel says, "You'll freeze in Cocytus!"
Pikel hits you with a +2 whip of flaming.
You die...

######## ##......##
##........## #.....(....#
#....<.....#
#...@......##
##..K........#
#...R........#
#........(...#
#..5(........#
############............#
.............5........>.#
.....######.............#
###### #..............#


You could see the friendly Tlaloc the ancestor, Pikel (ally target) and 2
lemures.

Vanquished Creatures
  Prince Ribbit (D:5)
  An ogre (D:5)
  2 scorpions
  A hound (D:5)
  An iguana (D:4)
  2 orc wizards
  5 adders
  3 worms
  4 dart slugs (D:1)
  13 orcs
  10 endoplasms
  2 giant cockroaches
  6 goblins
  7 hobgoblins
  6 jackals
  4 quokkas
  6 ball pythons
  9 bats
  6 frilled lizards
  11 kobolds
  3 rats
103 creatures vanquished.

Notes
Turn   | Place    | Note
-------+----------+-------------------------------------------
     0 | D:1      | Newt the Demonspawn Gladiator began the quest for the Orb.
     0 | D:1      | Reached XP level 1. HP: 16/16 MP: 1/1
    27 | D:1      | Reached skill level 1 in Stealth
   346 | D:1      | Gained mutation: You are partially covered in thin metallic
                  | scales. (AC +2) [demonic ancestry]
   346 | D:1      | Reached XP level 2. HP: 8/22 MP: 2/2
   986 | D:1      | Gained mutation: You have a small tail. [demonic ancestry]
   986 | D:1      | Reached XP level 3. HP: 26/28 MP: 3/3
  1102 | D:1      | You fall into a shaft and drop 1 floor!
  2097 | D:1      | Found a faded altar of an unknown god.
  2357 | D:2      | Gained mutation: A meltable shield of frost defends you.
                  | (SH +4) [demonic ancestry]
  2357 | D:2      | Reached XP level 4. HP: 37/37 MP: 4/4
  2728 | D:3      | Noticed a scorpion
  2729 | D:3      | Noticed a +0 falchion
  2729 | D:3      | Noticed a +0 dagger
  2730 | D:3      | Noticed a +0 short sword
  2755 | D:3      | Killed a scorpion
  2756 | D:3      | Reached skill level 2 in Throwing
  2756 | D:3      | Gained mutation: You have a tail ending in a sharp stinger.
                  | [demonic ancestry]
  2756 | D:3      | Reached XP level 5. HP: 29/42 MP: 5/5
  2917 | D:3      | Found a hide-covered altar of Uskayaw.
  2917 | D:3      | Noticed a +0 spear
  2919 | D:3      | Reached skill level 3 in Throwing
  2919 | D:3      | Noticed a +0 falchion
  2945 | D:3      | Noticed a +0 dagger
  2946 | D:3      | Noticed a +0 short sword
  2947 | D:3      | Noticed a +0 spear
  3306 | D:3      | Found a hazy altar of Hepliaklqana.
  3353 | D:3      | Became a worshipper of Hepliaklqana the Forgotten
  4280 | D:4      | Reached skill level 4 in Throwing
  4355 | D:4      | Gained mutation: You are partially covered in sharp spines.
                  | [demonic ancestry]
  4355 | D:4      | Reached XP level 6. HP: 20/48 MP: 6/6
  4911 | D:5      | Entered Level 5 of the Dungeon
  4967 | D:5      | Reached skill level 5 in Throwing
  4984 | D:5      | Noticed Prince Ribbit
  5090 | D:5      | Reached * piety under Hepliaklqana
  5098 | D:5      | Found Lotzith's Antique Armour Emporium.
  5107 | D:5      | Bought a glowing chain mail for 195 gold pieces
  5169 | D:5      | Killed Prince Ribbit
  5170 | D:5      | Reached XP level 7. HP: 22/48 MP: 7/7
  5176 | D:5      | Noticed Pikel
  5215 | D:5      | Slain by Pikel

Illustrated notes

Levels and vault maps discovered:
D:1:      shiori_arrival_oz, layout_basic, shapermc_ecumenical_altar_acropolis
D:2:      layout_basic, minmay_vboxes
D:3:      layout_loops_corners, nicolae_hepliaklqana_hippocampus,
          nicolae_uskayaw_en_pointe
D:4:      layout_basic
D:5:      layout_rooms, nicolae_overflow_crystal_walls, serial_shops, shop,
          uniq_blork_the_orc, uniq_pikel, uniq_prince_ribbit1

Skill      XL: |  1  2  3  4  5  6 |
---------------+-------------------+-----
Stealth        | 1 2 |  2.0
Fighting       | 3 4 |  4.0
Throwing       | 2 4 5 |  5.0
Axes           | 3 |  3.9
Short Blades   | |  2.6
Dodging        | |  2.6

Action                   |  1- 3 |  4- 6 |  7- 9 || total
-------------------------+-------+-------+-------++-------
Melee: Rapier            |   165 |    68 |       ||   233
       Punch             |     1 |     1 |       ||     2
       Tailslap          |    20 |    19 |       ||    39
       War axe           |       |   136 |     1 ||   137
Throw: Throwing net      |       |     2 |       ||     2
Evoke: Wand              |       |       |     1 ||     1
  Use: Scroll            |     6 |     2 |       ||     8
 Stab: Sleeping          |     7 |       |       ||     7
       Distracted        |       |     1 |       ||     1
Armor: Leather armour    |    65 |       |       ||    65
       Scale mail        |     1 |   107 |       ||   108
       Chain mail        |       |     4 |       ||     4
Dodge: Dodged            |   121 |    71 |       ||   192
Block: Other             |       |    37 |       ||    37

Table legend: (Time is in decaauts)
 A = Elapsed time spent in this place.
 B = Non-inter-level travel time spent in this place.
 C = Inter-level travel time spent in this place.
 D = Time resting spent in this place.
 E = Time spent auto-exploring this place.
 F = Levels seen in this place.
 G = Mean time per level.
                   A        B        C        D        E       F      G
               +--------+--------+--------+--------+--------+-----+--------+
         Total |   5298 |   5196 |    102 |   1374 |   2957 |   5 | 1059.6 |
       Dungeon |   5298 |   5196 |    102 |   1374 |   2957 |   5 | 1059.6 |
               +--------+--------+--------+--------+--------+-----+--------+

Top non-repeatable levels by time:
     D:1: 1464 daAuts
     D:4: 1334 daAuts
     D:3: 1131 daAuts
     D:2: 1057 daAuts
     D:5: 310 daAuts
